 Dungeon Crawl Stone Soup version 0.30-a0-457-g4b7bca3bfa (webtiles) character file.

Game seed: 5301792379423990961

33081 vineage the Warrior (level 13, 0/154 HPs)
             Began as an Ogre Fighter on Dec 12, 2022.
             Was the Champion of Okawaru.
             Slain by an eight-headed hydra (9 damage)
             ... on level 2 of the Lair of Beasts.
             The game lasted 00:17:49 (15006 turns).

vineage the Warrior (Ogre Fighter)                 Turns: 15006, Time: 00:17:49

Health: 0/154      AC:  6    Str: 27    XL:     13   Next: 68%
Magic:  3/5        EV: 14    Int: 16    God:    Okawaru [******]
Gold:   811        SH: 20    Dex: 14    Spells: 12/12 levels left

rFire   + + .      SeeInvis .    X - +4 demon whip (antimagic)
rCold   . . .      Faith    .    V - +2 tower shield {rF+}
rNeg    . . .      Spirit   .    s - +2 robe of the King of Pentacles {rPois Regen+ Int+7 Stlth-}
rPois   +          Reflect  .    (helmet restricted)
rElec   .          Harm     .    w - +0 cloak
rCorr   .          Rampage  .    (gloves unavailable)
Will    +....                    (boots unavailable)
Stlth   ++........               j - amulet of regeneration
HPRegen 2.05/turn                E - ring of protection from fire
MPRegen 0.09/turn                H - +6 ring of dexterity

@: heroic
A: large, unfitting armour, tough skin 1
a: Renounce Religion, Heroism, Finesse, Duel


You were on level 2 of the Lair of Beasts.
You worshipped Okawaru.
Okawaru was exalted by your worship.
You visited 3 branches of the dungeon, and saw 16 of its levels.
You also visited: Sewer and Volcano.

You collected 1082 gold pieces.
You spent 271 gold pieces at shops.

Inventory:

Hand Weapons
 a - a +1 vorpal flail
 q - a +0 flail of protection
 t - the +11 flail of Darkness {vorpal, rPois Stlth+}
   (You bought it in a shop on level 5 of the Dungeon)

   It inflicts extra damage upon your enemies.
   rPois:     It protects you from poison.
   Stlth:     It makes you more stealthy.
 X - a +4 antimagic demon whip (weapon)
 Y - a +2 eveningstar of flaming
Missiles
 A - 2 throwing nets (quivered)
Armour
 b - a +0 robe
 c - a +0 kite shield
 l - +0 acid dragon scales
 s - the +2 robe of the King of Pentacles (worn) {rPois Regen+ Int+7 Stlth-}
   (Okawaru gifted it to you on level 11 of the Dungeon)

   Int:       It affects your intelligence (+7).
   rPois:     It protects you from poison.
   Regen:     It increases your rate of health regeneration.
   Stlth:     It makes you less stealthy.
 w - a +0 cloak (worn)
 K - a +0 troll leather armour
 V - a +2 tower shield of fire resistance (worn)
Jewellery
 f - a ring of see invisible
 j - an amulet of regeneration (around neck)
 n - a ring of ice
 p - a ring of ice
 u - a ring of protection from cold
 x - an amulet of faith
 z - a ring of poison resistance
 E - a ring of protection from fire (left hand)
 H - a +6 ring of dexterity (right hand)
 J - an amulet of the acrobat
 Q - a ring of protection from cold
Wands
 D - a wand of paralysis (24)
 G - a wand of quicksilver (17)
 I - a wand of mindburst (18)
 L - a wand of polymorph (3)
 N - a wand of flame (24)
 P - a wand of roots (17)
Scrolls
 i - 3 scrolls of enchant weapon
 v - a scroll of blinking
 y - 3 scrolls of enchant armour
 B - 2 scrolls of amnesia
 F - 2 scrolls of identify
 M - 3 scrolls of teleportation
 U - a scroll of poison
 W - a scroll of fog
Potions
 d - 3 potions of might
 e - 5 potions of invisibility
 g - 4 potions of haste
 h - a potion of brilliance
 k - 2 potions of flight
 m - 3 potions of resistance
 o - 5 potions of lignification
 r - a potion of mutation
 C - a potion of cancellation
 O - 3 potions of curing
 R - 2 potions of magic
 S - a potion of berserk rage
 T - 3 potions of heal wounds


   Skills:
 + Level 16.9(21.9) Fighting
 * Level 12.5(17.5) Maces & Flails
 + Level 2.3(7.3) Armour
 + Level 9.2(14.2) Dodging
 - Level 8.4(13.4) Shields
 - Level 6.2 Invocations


You had 12 spell levels left.
You didn't know any spells.
Your spell library contained the following spells:

 Spells                   Type           Power      Damage    Failure   Level
 Apportation              Tloc           0%         N/A       61%         1
 Necrotise                Necr           0%         1d4       61%         1
 Slow                     Hex            0%         N/A       61%         1
 Cigotuvi's Dreadful Rot  Necr/Pois/Air  0%         N/A       75%         2
 Poisonous Vapours        Pois/Air       0%         N/A       75%         2
 Confusing Touch          Hex            0%         N/A       93%         3
 Mephitic Cloud           Conj/Pois/Air  0%         N/A       93%         3
 Ozocubu's Armour         Ice            0%         N/A       93%         3
 Portal Projectile        Hex/Tloc       0%         N/A       93%         3
 Stone Arrow              Conj/Erth      0%         3d7       93%         3
 Vampiric Draining        Necr           0%         2d6       93%         3
 Ice Form                 Ice/Tmut       0%         N/A       100%        4
 Agony                    Necr           0%         N/A       100%        5
 Ozocubu's Refrigeration  Ice            0%         4d7       100%        7
 Borgnjor's Revivificati  Necr           0%         N/A       100%        8
 Lehudib's Crystal Spear  Conj/Erth      0%         10d2      100%        8
 Necromutation            Tmut/Necr      0%         N/A       100%        8
 Death's Door             Necr           0%         N/A       100%        9
 Summon Small Mammal      Summ           Unusable   N/A       N/A         1
 Call Canine Familiar     Summ           Unusable   N/A       N/A         3
 Summon Guardian Golem    Hex/Summ       Unusable   N/A       N/A         3
 Animate Armour           Summ/Erth      Unusable   N/A       N/A         4

Dungeon Overview and Level Annotations

Branches:
Dungeon (13/15)            Temple (1/1) D:5            Lair (2/5) D:9
 Spider (0/4) Lair:2        Sewer (visited)         Volcano (visited)
  Swamp: Lair:2-3    Shoals: Lair:2-3       Orc: D:9-12      Vaults: D:13-14

Altars:
Ashenzari
Cheibriados
Dithmenos
Elyvilon
Fedhas
Gozag
Hepliaklqana
Kikubaaqudgha
Makhleb
Nemelex Xobeh
Okawaru
Qazlal
Ru
Sif Muna
Trog
Uskayaw
Vehumet
Wu Jian
Xom
Yredelemnul
Zin
The Shining One

Shops:
D:1 :   D:4 :   D:5 (:?(*   D:11 *


Innate Abilities, Weirdness & Mutations

You are too large for most types of armour.
You have tough skin. (AC +1)


Message History

The eight-headed hydra is lightly wounded.
You whack the eight-headed hydra!
The eight-headed hydra is moderately wounded.
You block the eight-headed hydra's attack.
The eight-headed hydra bites you! x2
You block the eight-headed hydra's attack.
The eight-headed hydra bites you! x2
The eight-headed hydra closely misses you.
The eight-headed hydra bites you!
You thrash the eight-headed hydra!!
The eight-headed hydra is heavily wounded.
The eight-headed hydra bites you!
* * * LOW HITPOINT WARNING * * *
You block the eight-headed hydra's attack.
The eight-headed hydra bites you!
* * * LOW HITPOINT WARNING * * *
The eight-headed hydra bites you!
* * * LOW HITPOINT WARNING * * *
You block the eight-headed hydra's attack.
The eight-headed hydra bites you.
* * * LOW HITPOINT WARNING * * *
The eight-headed hydra closely misses you.
The eight-headed hydra bites you but does no damage.
You thrash the eight-headed hydra!!
The eight-headed hydra is almost dead.
You hit the eight-headed hydra.
The eight-headed hydra is almost dead.
You block the eight-headed hydra's attack.
The eight-headed hydra bites you!
* * * LOW HITPOINT WARNING * * *
You block the eight-headed hydra's attack.
The eight-headed hydra closely misses you.
You block the eight-headed hydra's attack. x2
The eight-headed hydra barely misses you.
The eight-headed hydra bites you but does no damage.
You hit the eight-headed hydra.
The eight-headed hydra is almost dead.
You block the eight-headed hydra's attack. x2
The eight-headed hydra bites you!
You die...

#.........##
#..........#
...........#
...........#
...........#
..........#
.......D..#
.......@..#
.........##
....###...## ###
##....### ### ##
#.##..#.## #.####.
###..#.....#####.....
...................##
..............###P##
...........#.## ###


You could see an eight-headed hydra.

Vanquished Creatures
  2 hydras (Lair:2)
  5 centaur warriors
  3 two-headed ogres
  A boulder beetle (D:12)
  A hell knight (Volcano)
  A sun demon (Volcano)
  Urug (D:11)
  A deep elf pyromancer (D:13)
  2 cyclopes
  3 ugly things
  4 elephants (Lair:1)
  A molten gargoyle (Volcano)
  3 gargoyles
  3 komodo dragons (Lair:1)
  A kobold demonologist (D:12)
  Maggie (D:6)
  4 unseen horrors
  Psyche (D:11)
  2 trolls
  Prince Ribbit (D:6)
  3 hornets
  The ghost of DEFE the Cudgeller, an amateur DsWn (D:4)
  5 blink frogs (Lair:1)
  A polar bear (Lair:1)
  6 slime creatures (D:13)
  A jumping spider (Lair:2)
  A wraith (D:11)
  4 culicivoras (Lair:2)
  28 yaks
  5 fire bats
  A shadow (D:9)
  3 redbacks (Lair:2)
  3 steam dragons
  4 vampire mosquitoes (D:11)
  Edmund (D:4)
  An acid dragon (D:9)
  8 water moccasins
  2 hell hounds (Volcano)
  3 orc warriors
  3 sky beasts (D:7)
  A black bear (D:6)
  4 centaurs
  11 wolves (Lair:1)
  2 phantoms
  8 bullfrogs
  2 gnoll sergeants
  A necrophage (D:6)
  5 scorpions
  4 wights (D:10)
  14 killer bees
  2 howler monkeys
  5 lava snakes (Volcano)
  3 hounds
  3 orc priests
  Crazy Yiuf (D:6)
  A gnoll bouda (D:9)
  A jelly (D:5)
  6 iguanas
  6 orc wizards
  12 gnolls
  11 adders
  4 river rats (Sewer)
  2 shadow imps
  4 white imps
  An ufetubus (D:5)
  3 worms
  2 dart slugs
  28 orcs
  12 ball pythons
  9 endoplasms
  4 giant cockroaches
  5 goblins
  7 hobgoblins
  12 kobolds
  2 quokkas (D:3)
  12 bats
  10 frilled lizards
  28 rats
373 creatures vanquished.

Vanquished Creatures (others)
  4 fungi
  8 plants
12 creatures vanquished.

Grand Total: 385 creatures vanquished

Notes
Turn   | Place    | Note
-------+----------+-------------------------------------------
     0 | D:1      | vineage the Ogre Fighter began the quest for the Orb.
     0 | D:1      | Reached XP level 1. HP: 24/24 MP: 1/1
   157 | D:1      | Reached XP level 2. HP: 21/32 MP: 2/2
   388 | D:1      | Reached XP level 3. HP: 17/40 MP: 3/3
   564 | D:1      | Found Qynoekh's Book Shoppe.
  1273 | D:2      | Reached skill level 5 in Fighting
  1273 | D:2      | Reached XP level 4. HP: 43/50 MP: 4/4
  1657 | D:2      | Found a faded altar of an unknown god.
  1825 | D:3      | Reached XP level 5. HP: 42/57 MP: 5/5
  2189 | D:3      | Found a glowing drain.
  2208 | Sewer    | Entered a sewer
  2315 | Sewer    | Reached skill level 6 in Fighting
  2449 | Sewer    | Reached XP level 6. HP: 62/67 MP: 6/6
  2858 | D:4      | Noticed Edmund
  2877 | D:4      | Killed Edmund
  2878 | D:4      | Reached skill level 7 in Fighting
  2878 | D:4      | Reached XP level 7. HP: 43/78 MP: 7/7
  3066 | D:4      | Found Wafipp's Book Emporium.
  3319 | D:4      | Noticed DEFE's ghost (amateur DsWn)
  3326 | D:4      | Found a runed translucent door.
  3517 | D:4      | Reached skill level 5 in Maces & Flails
  3635 | D:4      | Killed DEFE's ghost
  3636 | D:4      | Reached skill level 8 in Fighting
  3636 | D:4      | Reached XP level 8. HP: 78/89 MP: 8/8
  3674 | D:5      | Entered Level 5 of the Dungeon
  3913 | D:5      | Found Ijont's Antique Weapon Shop.
  3927 | D:5      | Bought a shimmering flail for 246 gold pieces
  3927 | D:5      | Identified the +11 flail of Darkness {vorpal, rPois Stlth+}
                  | (You bought it in a shop on level 5 of the Dungeon)
  4175 | D:5      | Found Xezxayro's CLEARANCE SALE!.
  4185 | D:5      | Bought a scroll of enchant armour for 15 gold pieces
  4185 | D:5      | Bought a potion of heal wounds for 10 gold pieces
  4226 | D:5      | Found a staircase to the Ecumenical Temple.
  4235 | D:5      | Found Ocenyusa's Magic Scroll Boutique.
  4244 | Temple   | Entered the Ecumenical Temple
  4460 | Temple   | Became a worshipper of Warmaster Okawaru
  4541 | D:5      | Reached skill level 9 in Fighting
  4552 | D:5      | Found Oschenosm's Antique Weapon Boutique.
  4575 | D:5      | HP: 3/92 [gnoll/+0 halberd[a gnoll sergeant] (8)]
  5043 | D:5      | Found Riremui's Book Boutique.
  5177 | D:5      | Identified the +5 whip "Jellybane" {vorpal, Str+3}
  5394 | D:6      | Noticed Maggie
  5406 | D:6      | Killed Maggie
  5406 | D:6      | Reached * piety under Okawaru
  5407 | D:6      | Reached skill level 5 in Dodging
  5407 | D:6      | Reached XP level 9. HP: 59/101 MP: 9/9
  5409 | D:6      | Reached skill level 10 in Fighting
  5566 | D:6      | Reached ** piety under Okawaru
  5594 | D:6      | Noticed Prince Ribbit
  5604 | D:6      | Killed Prince Ribbit
  5867 | D:6      | Found a runed translucent door.
  5868 | D:6      | Noticed Crazy Yiuf
  5943 | D:6      | Killed Crazy Yiuf
  6292 | D:7      | Got the Volume of Reformation and Imprecation
  6308 | D:7      | Noticed a hornet
  6322 | D:7      | Killed a hornet
  6323 | D:7      | Reached skill level 11 in Fighting
  6357 | D:7      | Found an opulent altar of Gozag.
  6557 | D:7      | Reached *** piety under Okawaru
  6829 | D:7      | Reached skill level 5 in Shields
  6979 | D:7      | Reached XP level 10. HP: 102/114 MP: 10/10
  7659 | D:8      | Reached skill level 12 in Fighting
  8496 | D:9      | Reached **** piety under Okawaru
  8824 | D:9      | Reached skill level 1 in Invocations
  8839 | D:9      | Reached ***** piety under Okawaru
  9023 | D:9      | Reached skill level 13 in Fighting
  9045 | D:9      | Reached XP level 11. HP: 74/127 MP: 12/12
  9161 | D:9      | Found a staircase to the Lair.
  9188 | D:9      | Found a glowing golden altar of the Shining One.
  9381 | D:10     | Entered Level 10 of the Dungeon
  9788 | D:11     | Noticed Psyche
  9798 | D:11     | Killed Psyche
  9806 | D:11     | Noticed Urug
  9811 | D:11     | Identified the +2 robe of the King of Pentacles {rPois
                  | Regen+ Int+7 Stlth-} (Okawaru gifted it to you on level 11
                  | of the Dungeon)
  9811 | D:11     | Received a gift from Okawaru
  9822 | D:11     | Killed Urug
  9823 | D:11     | HP: 6/128 [wraith (4)]
  9917 | D:11     | Noticed a centaur warrior
 10063 | D:11     | Noticed a red ugly thing
 10064 | D:11     | You fall into a shaft and drop 1 floor!
 10107 | D:12     | Reached skill level 14 in Fighting
 10175 | D:12     | Reached skill level 10 in Maces & Flails
 10175 | D:12     | Noticed a centaur warrior
 10178 | D:12     | Noticed a two-headed ogre
 10179 | D:12     | Killed a centaur warrior
 10185 | D:12     | Killed a two-headed ogre
 10211 | D:12     | Noticed a cyclops
 10212 | D:12     | Noticed a soul eater
 10221 | D:12     | Killed a cyclops
 10307 | D:12     | Reached XP level 12. HP: 110/140 MP: 15/15
 10360 | D:12     | Noticed a boulder beetle
 10370 | D:12     | Killed a boulder beetle
 10893 | D:11     | Killed a centaur warrior
 10960 | D:11     | Reached skill level 15 in Fighting
 11042 | D:11     | Reached skill level 5 in Invocations
 11106 | D:11     | Found Daunuhos's General Store.
 11129 | D:11     | Noticed a two-headed ogre
 11143 | D:11     | Killed a two-headed ogre
 11327 | D:13     | Found a radiant altar of Vehumet.
 11331 | D:13     | Noticed a centaur warrior
 11331 | D:13     | Noticed a centaur warrior
 11353 | D:13     | Killed a centaur warrior
 11353 | D:13     | Identified the +1 robe "Anium" {rF+ Dex+2} (Okawaru gifted
                  | it to you on level 13 of the Dungeon)
 11353 | D:13     | Received a gift from Okawaru
 11360 | D:13     | Killed a centaur warrior
 11784 | D:13     | Noticed a two-headed ogre
 11795 | D:13     | Killed a two-headed ogre
 11918 | D:13     | Noticed a centaur warrior
 11931 | D:13     | Killed a centaur warrior
 12389 | Lair:1   | Entered Level 1 of the Lair of Beasts
 12523 | Lair:1   | Reached skill level 16 in Fighting
 12544 | Lair:1   | Reached XP level 13. HP: 116/152 MP: 17/17
 12757 | Lair:1   | Reached ****** piety under Okawaru
 13923 | Lair:2   | Reached skill level 1 in Armour
 13928 | Lair:2   | Found a dark tunnel.
 14019 | Volcano  | Entered a volcano
 14278 | Volcano  | Found a burning altar of Makhleb.
 14472 | Volcano  | Received a gift from Okawaru
 14809 | Lair:2   | Found a hole to the Spider Nest.
 15005 | Lair:2   | HP: 7/154 [eight-headed hydra (15)]
 15006 | Lair:2   | Slain by an eight-headed hydra

Illustrated notes

Levels and vault maps discovered:
D:1:      roderic_chinese_lattice_arrival, layout_basic, serial_shops,
          shop_fountains, minmay_circled_x
D:2:      layout_rooms, shapermc_ecumenical_altar_petra
D:3:      layout_rooms, cheibrodos_sewer_entry_bend
D:4:      layout_basic, serial_shops, kennysheep_little_box,
          hellmonk_ghost_happy_afterlife, uniq_edmund
D:5:      layout_layer_cave, minmay_temple_entry_hall, serial_shops,
          nicolae_shop_crystal, shop_statue, nicolae_shop_waterfront,
          nicolae_shop_waterfront, nicolae_shop_clearance
D:6:      layout_cave_pools, minmay_fountain_box, minmay_misc_feat_tiny,
          uniq_maggie, uniq_prince_ribbit1, uniq_crazy_yiuf_cottage
D:7:      layout_basic, grunt_gozag_statues
D:8:      layout_layer_cave
D:9:      layout_rooms, mainiacjoe_overflow_alcove_1, lair_entry_dummy,
          minmay_starry_boxes
D:10:     lemuel_ice_spiral_2, layout_stronghold, orc_0_dummy
D:11:     layout_cave_pools, serial_shops, kennysheep_mini, uniq_psyche,
          uniq_urug
D:12:     layout_loops_ring, gauntlet_entry_generic,
          minmay_misc_feat_four_crosses
D:13:     layout_basic, nicolae_vehumet_radiance
Temple:   nicolae_temple_slightly_damp_pantheon
Lair:1:   layout_small_grid, serial_bayou_pond_c, serial_bayou_crossing
Lair:2:   layout_cave_pods, elwin_shoals_entry_stream,
          nicolae_spider_entry_tight_spaces, nicolae_volcano_entry_batcave

Skill      XL: |  1  2  3  4  5  6  7  8  9 10 11 12 13 |
---------------+----------------------------------------+-----
Maces & Flails | 2 3 4 5 6 7 9 10 11 12 | 12.5
Dodging        | 3 4 5 6 7 8 9 |  9.2
Fighting       | 5 6 7 8 9 11 13 14 16 | 16.9
Shields        | 5 6 7 8 |  8.4
Invocations    | 2 4 6 |  6.2
Armour         | 2 |  2.3

Action                   |  1- 3 |  4- 6 |  7- 9 | 10-12 | 13-15 || total
-------------------------+-------+-------+-------+-------+-------++-------
Melee: Flail             |   110 |   280 |   239 |   405 |   161 ||  1195
       Demon whip        |       |       |       |       |    78 ||    78
Invok: Heroism           |       |       |     1 |    12 |     6 ||    19
  Use: Scroll            |     3 |     7 |     9 |     6 |       ||    25
       Potion            |       |     4 |     1 |     6 |       ||    11
 Stab: Sleeping          |     2 |       |     3 |       |       ||     5
Armor: Robe              |    49 |    95 |    72 |    46 |    51 ||   313
       Acid dragon scale |       |       |       |     3 |       ||     3
       Troll leather arm |       |       |       |    15 |       ||    15
Dodge: Dodged            |    56 |   159 |    84 |   175 |    87 ||   561
Block: Kite shield       |    58 |   131 |    86 |   203 |    75 ||   553
       Tower shield      |       |       |       |       |    78 ||    78

Table legend: (Time is in decaauts)
 A = Elapsed time spent in this place.
 B = Non-inter-level travel time spent in this place.
 C = Inter-level travel time spent in this place.
 D = Time resting spent in this place.
 E = Time spent auto-exploring this place.
 F = Levels seen in this place.
 G = Mean time per level.
                   A        B        C        D        E       F      G
               +--------+--------+--------+--------+--------+-----+--------+
         Total |  15114 |  14521 |    593 |   1770 |   9796 |  18 |  839.7 |
       Dungeon |  11684 |  11219 |    465 |   1325 |   7947 |  13 |  898.8 |
        Temple |    237 |    158 |     79 |      0 |    137 |   1 |  237.0 |
          Lair |   1907 |   1859 |     48 |    269 |   1283 |   2 |  953.5 |
         Sewer |    618 |    618 |      0 |     65 |    155 |   1 |  618.0 |
       Volcano |    666 |    666 |      0 |    111 |    274 |   1 |  666.0 |
               +--------+--------+--------+--------+--------+-----+--------+

Top non-repeatable levels by time:
  Lair:1: 1461 daAuts
     D:5: 1447 daAuts
     D:8: 1381 daAuts
     D:1: 1088 daAuts
     D:7: 1075 daAuts
    D:13: 1013 daAuts
     D:9: 939 daAuts
    D:12: 874 daAuts
     D:4: 855 daAuts
     D:6: 681 daAuts
 Volcano: 666 daAuts
     D:2: 662 daAuts
    D:11: 651 daAuts
   Sewer: 618 daAuts
     D:3: 594 daAuts
